 Dungeon Crawl Stone Soup version 0.27-a0-287-gd4424db430 (webtiles) character file.

Game seed: 7581633360148139326

109 puppykicker the Ruffian (level 4, 0/37 HPs)
             Began as a Ghoul Earth Elementalist on Feb 8, 2021.
             Killed from afar by an orc wizard (7 damage)
             ... with a puff of flame
             ... on level 2 of the Dungeon.
             The game lasted 00:09:50 (3847 turns).

puppykicker the Ruffian (Ghoul Earth Elementalist)  Turns: 3847, Time: 00:09:50

Health: 0/37       AC:  3    Str:  9 (12) XL:     4   Next: 90%
Magic:  5/5        EV: 11    Int: 10      God:
Gold:   105        SH:  0    Dex:  8 (9)  Spells: 5/6 levels left

rFire    . . .     SeeInvis .     - Unarmed
rCold    + . .     Faith    .   (no shield)
rNeg     + + +     Spirit   .   j - +0 leather armour
rPois    ∞         Reflect  .   (no helmet)
rElec    .         Harm     .   (no cloak)
rCorr    .         Rampage  .   (no gloves)
Will     .....                  (no boots)
Stlth    +.........             (no amulet)
HPRegen  0.00/turn              (no ring)
MPRegen  0.09/turn              (no ring)

@: no status effects
A: claws 1, cold resistance 1, negative energy resistance 3, inhibited
regeneration, torment resistance, unbreathing
a: no special abilities


You were on level 2 of the Dungeon.
You visited 1 branch of the dungeon, and saw 3 of its levels.

You collected 105 gold pieces.

Inventory:

Hand Weapons
 a - a +0 whip
Missiles
 e - 85 stones (quivered)
 g - 3 boomerangs
 Q - 19 arrows
Armour
 c - a cursed -1 pair of gloves
 f - a +0 ring mail
 h - a cursed -2 scale mail
 j - a +0 leather armour (worn)
Scrolls
 d - a scroll of teleportation {unknown}
 i - a scroll of remove curse {unknown}
 k - a scroll of enchant armour {unknown}


   Skills:
 + Level 2.4 Fighting
 - Level 1.7 Dodging
 - Level 2.1 Stealth
 * Level 3.8 Unarmed Combat
 - Level 1.7 Spellcasting
 - Level 0.8 Transmutations
 - Level 3.2 Earth Magic


You had 5 spell levels left.
You knew the following spells:

 Your Spells              Type           Power        Failure   Level
a - Sandblast             Erth           14%          12%         1

Your spell library contained the following spells:

 Spells                   Type           Power        Failure   Level
 Passwall                 Tmut/Erth      4%           28%         2
 Stone Arrow              Conj/Erth      8%           56%         3
 Petrify                  Tmut/Erth      5%           88%         4
 Lee's Rapid Deconstruct  Erth           3%           97%         5


Dungeon Overview and Level Annotations

Branches:
Dungeon (3/15)

Altars:
Fedhas
Hepliaklqana
Wu Jian
The Shining One


Innate Abilities, Weirdness & Mutations

You thrive by killing the living.
You are immune to poison.
You have sharp fingernails.
Your flesh is cold resistant. (rC+)
You are immune to negative energy. (rN+++)
You do not regenerate when monsters are visible.
You are immune to unholy pain and torment.
You can survive without breathing.


Message History

MASSIVE DAMAGE!!
It was a potion of mutation.
You feel extremely strange.
Your body decomposes!
You feel weakened.
Your body decomposes!
You feel weakened.
Your body decomposes!
You feel clumsy.
Your body decomposes!
You feel weakened.
You feel less confused. Something hits you but does no damage.
The orc wizard closely misses you.
You hear some strange, mumbled words.
Something tries to affect you, but you resist.
The orc wizard points at you and mumbles some strange words.
The puff of flame misses you.
You hear some strange, mumbled words.
A puff of flame appears from out of thin air!
The puff of flame hits you!
You die...

####
##.♣..♣....##########.#
../#
########'##.#....#.....#
...#
#......)..#.#.####.#####
#### #.........#.#.......#
#.........#.#.####..#
###.........#.#...##..#
####.............######..#
#........................#
#.##.#.......o..@####.#.##
#.##.#...>....{#.##...#.#
#.##.......#.....#..#.#.#
#.#######..#######.##.#.###
#.#####.#..# #....##.#...#
#.......#..# #.......###.#
#######.#..# ######### #.#
........#..# #>#
#######.#..# #.#


You could see an orc wizard.

Levels and vault maps discovered:
D:1:      lemuel_arrival_lava_pool, layout_basic, serial_co_window_serial,
          co_window_of_opportunity_a, co_window_of_opportunity_a,
          co_window_paths_a, co_window_paths_a, co_window_corner_a,
          co_window_broadway_b, co_window_corner_ca, co_window_2corner,
          co_window_cross_2
D:2:      wad_woods_stonehenge, layout_basic,
          chequers_temple_overflow_statue_of_worship
D:3:      kennysheep_big_flooded_room, layout_basic, yredelemnul_altar_generic,
          serial_bayou_pond_c

Notes
Turn   | Place    | Note
-------+----------+-------------------------------------------
     0 | D:1      | puppykicker the Ghoul Earth Elementalist began the quest
                  | for the Orb.
     0 | D:1      | Reached XP level 1. HP: 14/14 MP: 2/2
    12 | D:1      | Identified a +0 dagger
    12 | D:1      | Identified a +0 dagger
   452 | D:1      | Reached skill level 1 in Unarmed Combat
  1045 | D:1      | Reached XP level 2. HP: 20/22 MP: 3/3
  1045 | D:1      | Identified a +0 dagger of holy wrath
  1047 | D:1      | Identified a +0 club
  1154 | D:1      | Identified a +0 club
  1157 | D:1      | Reached skill level 1 in Fighting
  1475 | D:1      | Identified a +0 whip
  1627 | D:2      | Identified a +0 dagger
  1631 | D:2      | Identified a +0 club
  1631 | D:2      | HP: 4/23 [jackal (3)]
  1918 | D:1      | Reached skill level 2 in Unarmed Combat
  1933 | D:1      | HP: 5/23 [jackal (1)]
  2191 | D:2      | Reached XP level 3. HP: 11/28 MP: 2/4
  2378 | D:2      | Identified a ring of positive energy (You found it on level
                  | 2 of the Dungeon)
  2383 | D:2      | Found a hazy altar of Hepliaklqana.
  2385 | D:2      | Found an ornate altar of the Wu Jian Council.
  2386 | D:2      | Found a blossoming altar of Fedhas.
  2409 | D:2      | Identified a +0 club
  2421 | D:2      | Reached skill level 3 in Unarmed Combat
  2720 | D:2      | Identified a +0 leather armour (You found it on level 2 of
                  | the Dungeon)
  2779 | D:2      | Identified a +0 short sword
  2788 | D:2      | Reached skill level 2 in Fighting
  2788 | D:2      | Reached XP level 4. HP: 35/36 MP: 3/5
  2989 | D:2      | Identified a +0 hand axe
  2989 | D:2      | Identified a +0 ring mail
  3001 | D:2      | Found a glowing golden altar of the Shining One.
  3573 | D:2      | Identified a +0 hunting sling
  3741 | D:2      | Identified a +0 club
  3826 | D:3      | Identified a +0 whip
  3826 | D:3      | Identified a +0 dagger
  3826 | D:3      | Identified a +0 robe
  3826 | D:3      | Identified a +0 dagger
  3826 | D:3      | Identified a +0 robe
  3826 | D:3      | Identified a cursed -1 dagger
  3826 | D:3      | Identified a +0 robe
  3838 | D:2      | HP: 7/37 [orc wizard/cursed -1 dagger (4)]
  3839 | D:2      | Identified a potion of mutation
  3847 | D:2      | Killed from afar by an orc wizard

Table legend: (Time is in decaauts)
 A = Elapsed time spent in this place.
 B = Non-inter-level travel time spent in this place.
 C = Inter-level travel time spent in this place.
 D = Time resting spent in this place.
 E = Time spent auto-exploring this place.
 F = Levels seen in this place.
 G = Mean time per level.
                   A        B        C        D        E       F      G
               +--------+--------+--------+--------+--------+-----+--------+
         Total |   3840 |   3704 |    136 |   1787 |   1522 |   3 | 1280.0 |
       Dungeon |   3840 |   3704 |    136 |   1787 |   1522 |   3 | 1280.0 |
               +--------+--------+--------+--------+--------+-----+--------+

Top non-repeatable levels by time:
     D:1: 2167 daAuts
     D:2: 1671 daAuts
     D:3: 1 daAuts

Table legend:
 A = Kills in this place as a percentage of kills in entire the game.
 B = Kills by you in this place as a percentage of kills by you in the entire game.
 C = Kills by friends in this place as a percentage of kills by friends in the entire game.
 D = Other kills in this place as a percentage of other kills in the entire game.
 E = Experience gained in this place as a percentage of experience gained in the entire game.
 F = Experience gained in this place divided by the number of levels of this place that you have seen.
                   A       B       C       D       E      F
               +-------+-------+-------+-------+-------+----------------------
         Total | 100.0 | 100.0 |   N/A |   N/A | 100.0 |  52.3
       Dungeon | 100.0 | 100.0 |   N/A |   N/A | 100.0 |  52.3
               +-------+-------+-------+-------+-------+----------------------

Skill      XL: |  1  2  3 |
---------------+----------+-----
Unarmed Combat | 1 2 3 |  3.8
Fighting       | 1 2 |  2.4
Dodging        | |  1.7
Stealth        | |  2.1
Spellcasting   | |  1.7
Transmutations | |  0.8
Earth Magic    | |  3.2

Action                   |  1- 3 |  4- 6 || total
-------------------------+-------+-------++-------
Melee: Unarmed           |    80 |    84 ||   164
       Punch             |       |     1 ||     1
 Cast: Sandblast         |    16 |     1 ||    17
  Use: Potion            |       |     1 ||     1
 Stab: Sleeping          |     1 |     1 ||     2
Armor: Robe              |    16 |       ||    16
       Leather armour    |     1 |    20 ||    21
Dodge: Dodged            |    63 |    52 ||   115

Vanquished Creatures
  A hound (D:2)
  4 adders (D:2)
  A worm (D:2)
  3 giant cockroaches
  4 hobgoblins
  7 jackals
  4 quokkas (D:2)
  A ball python (D:1)
  A bat (D:2)
  2 frilled lizards (D:1)
  6 goblins
  6 kobolds
  2 rats
42 creatures vanquished.

Vanquished Creatures (others)
  66 plants (D:2)
66 creatures vanquished.

Grand Total: 108 creatures vanquished
